AoeStats
← brinepirate

Fortress

510109432Analyzed
2v2 RM · 4d ago on Sep 29, 2026· 85m 5s· 4 players
Game mode
Random Map
Map size
Normal (6 player)
Population
200
Speed
Normal
Resources
Standard
Victory
Conquest
Starting age
Dark Age
Ending age
Imperial Age
RankedLock teamsTeams togetherTeam positionsShared explorationLock speedFull tech treeHidden civsTurbo modeCheats
Victory
Defeat
🇺🇸 Portuguese · United States
1063
+14
🇺🇸 Georgians · United States
1057
+14
🇨🇱 Bulgarians · Chile
1043
-15
🇪🇸 Teutons · Spain
982
-13
pegador
9:55 Feudal Age
11:50 Wheelbarrow
11:08 Horse Collar
11:15 Double-Bit Axe
14:06 Castle Age
14:34 Gold Mining
15:25 Hand Cart
15:43 Bow Saw
15:41 Heavy Plow
23:09 Town Watch
23:10 Loom
23:38 Stone Mining
26:50 Ballistics
27:44 Stone Shaft Mining
28:18 Gold Shaft Mining
29:04 Guard Tower
29:26 Masonry
29:41 Forging
29:31 Scale Mail Armor
29:39 Scale Barding Armor
31:39 Gambesons
31:54 Squires
31:39 Arson
35:24 Imperial Age
33:00 Fletching
33:11 Padded Archer Armor
33:47 Iron Casting
33:32 Chain Barding Armor
33:14 Scale Mail Armor
33:31 Bodkin Arrow
33:51 Murder Holes
34:51 Town Patrol
35:17 Stirrups
36:14 Bagains
36:36 Conscription
37:25 Blast Furnace
36:40 Chain Mail Armor
36:31 Bracer
36:47 Leather Archer Armor
37:22 Keep
37:55 Chemistry
37:45 Crop Rotation
36:46 Onager
37:42 Caravan
37:39 Elite Konnik
39:32 Siege Engineers
40:10 Plate Mail Armor
39:42 Capped Ram
43:02 Siege Onager
43:11 Pikeman
46:02 Plate Barding Armor
45:29 Elite Skirmisher
46:15 Thumb Ring
46:52 Architecture
48:37 Siege Ram
50:32 Halberdier
63:10 Coinage
75:21 Light Cavalry
76:12 Bloodlines
76:02 Husbandry
paingemBN
7:03 Feudal Age
5:20 Loom
8:08 Double-Bit Axe
8:07 Horse Collar
13:34 Castle Age
13:42 Wheelbarrow
13:17 Scale Mail Armor
14:11 Forging
15:16 Chain Mail Armor
15:37 Iron Casting
15:44 Man-at-Arms
17:09 Long Swordsman
19:31 Gambesons
20:55 Bow Saw
25:00 Squires
24:46 Arson
30:55 Imperial Age
32:29 Plate Mail Armor
33:05 Blast Furnace
34:05 Capped Ram
37:31 Elite Teutonic Knight
42:17 Hand Cart
42:45 Fletching
42:55 Padded Archer Armor
44:40 Bodkin Arrow
45:11 Leather Archer Armor
45:31 Heavy Mounted Crossbowman
47:19 Gold Mining
48:27 Ring Archer Armor
49:08 Chemistry
53:41 Crossbowman
64:15 Two-Handed Swordsman
brinepirate
9:18 Feudal Age
9:17 Loom
13:07 Castle Age
11:32 Double-Bit Axe
14:38 Bow Saw
17:11 Wheelbarrow
18:28 Hand Cart
18:11 Stone Mining
21:06 Gold Mining
28:40 Imperial Age
26:49 Forging
26:44 Scale Barding Armor
30:50 Conscription
31:10 Iron Casting
37:14 Blast Furnace
41:53 Elite Monaspa
48:29 Chain Barding Armor
49:53 Fletching
50:41 Plate Barding Armor
53:59 Aznauri Cavalry
53:54 Bodkin Arrow
54:35 Town Watch
65:38 Horse Collar
66:22 Svan Towers
SprayinNPrayin
8:36 Feudal Age
6:51 Loom
12:38 Castle Age
12:49 Double-Bit Axe
12:47 Horse Collar
12:59 Gold Mining
14:00 Bow Saw
27:15 Wheelbarrow
28:42 Town Watch
29:13 Hand Cart
29:07 Heavy Plow
29:01 Fletching
33:08 Imperial Age
31:12 Town Patrol
32:11 Fortified Wall
32:22 Ballistics
32:12 Masonry
31:56 Guard Tower
33:04 Treadmill Crane
33:22 Murder Holes
34:14 Conscription
34:51 Crossbowman
35:40 Thumb Ring
35:35 Bodkin Arrow
35:41 Padded Archer Armor
35:51 Forging
35:42 Scale Mail Armor
35:47 Scale Barding Armor
36:24 Arquebus
36:35 Arbalester
38:40 Bracer
38:55 Leather Archer Armor
38:45 Elite Organ Gun
41:54 Ring Archer Armor
44:32 Architecture
45:03 Chemistry
44:39 Keep
44:10 Siege Engineers
47:27 Crop Rotation
50:38 Bombard Tower
Connection lost

Rejoining the realm…

Still unreachable

The connection could not be restored.

Session expired

The server has moved on; the page needs a fresh start.